 Dungeon Crawl Stone Soup version 0.30-a0-170-g85af917532 (webtiles) character file.

Game seed: 12540781564698438885

2 LnG the Caller (level 1, 0/10 HPs)
             Began as a Kobold Summoner on Sept 30, 2022.
             Slain by a kobold
             ... wielding a +0 dagger
              (3 damage)
             ... on level 1 of the Dungeon.
             The game lasted 00:00:50 (93 turns).

LnG the Caller (Kobold Summoner)                      Turns: 93, Time: 00:00:51

Health: 0/10       AC:  2    Str:  5    XL:     1   Next: 33%
Magic:  1/3        EV: 15    Int: 16    God:
Gold:   2          SH:  0    Dex: 15    Spells: 3/4 levels left

rFire   . . .      SeeInvis .    (weapon restricted)
rCold   . . .      Faith    .    (no shield)
rNeg    . . .      Spirit   .    a - +0 robe
rPois   .          Reflect  .    (no helmet)
rElec   .          Harm     .    (no cloak)
rCorr   .          Rampage  .    (no gloves)
Will    .....                    (no boots)
Stlth   +++.......               (no amulet)
HPRegen 0.03/turn                (no ring)
MPRegen 0.08/turn                (no ring)

@: no status effects
A: small, no large weapons, nightstalker 3
a: no special abilities


You were on level 1 of the Dungeon.
You visited 1 branch of the dungeon, and saw 1 of its levels.

You collected 2 gold pieces.

Inventory:

Armour
 a - a +0 robe (worn)
Potions
 b - a potion of magic


   Skills:
 + Level 2.4 Dodging
 + Level 2.7 Stealth
 + Level 2.2 Spellcasting
 + Level 4.1 Summonings


You had 3 spell levels left.
You knew the following spells:

 Your Spells              Type           Power      Damage    Failure   Level
a - Summon Small Mammal   Summ           56%        N/A       3%          1

Your spell library contained the following spells:

 Spells                   Type           Power      Damage    Failure   Level
 Call Imp                 Summ           14%        N/A       6%          2
 Call Canine Familiar     Summ           14%        N/A       12%         3
 Summon Guardian Golem    Hex/Summ       8%         N/A       26%         3
 Summon Lightning Spire   Summ/Air       8%         N/A       65%         4


Dungeon Overview and Level Annotations

Branches:
Dungeon (1/15)

Altars:


Innate Abilities, Weirdness & Mutations

You are small and have problems with some larger weapons.
You are completely attuned to the shadows.


Message History

Your quokka closely misses the giant cockroach.
The giant cockroach barely misses your quokka.
Your quokka bites the giant cockroach.
The giant cockroach dies!
Magic restored.
You swap places.
Found a short sword.
A kobold comes into view. It is wielding a +2 dagger of pain.
Casting: Summon Small Mammal (safe; 3% risk of failure)
Confirm with . or Enter, or press ? or * to list all spells.
The kobold shouts!
Your bat misses the kobold.
A rat comes into view.
Your quokka disappears in a puff of smoke!
Your bat hits the kobold.
The kobold hits you with a +2 dagger of pain.
Your bat hits the kobold.
A kobold comes into view. It is wielding a +0 dagger.
The kobold hits you with a +2 dagger of pain.
You writhe in agony.
* * * LOW HITPOINT WARNING * * *
Your bat closely misses the kobold.
Your bat hits the kobold but does no damage.
Your bat closely misses the rat.
The kobold barely misses your bat.
Your bat barely misses the rat.
The rat misses you.
Your bat closely misses the kobold.
Your bat barely misses the kobold.
The rat barely misses you.
Your bat closely misses the kobold.
The kobold barely misses your bat.
A quokka comes into view.
You strike the helpless kobold from behind!
You hit the kobold.
You kill the kobold!
The rat barely misses you.
Casting: Summon Small Mammal (safe; 3% risk of failure)
Confirm with . or Enter, or press ? or * to list all spells.
Your bat hits the rat. The kobold closely misses you.
The rat barely misses you.
Your bat closely misses the rat.
Your quokka closely misses the rat.
Your bat closely misses the quokka.
The kobold hits you with a +0 dagger.
You die...

##+#######
#.........# .
..#.........# .
..#.........# .
............# #
#..........######
##..####.....K...
###..## #....@rrb.
......# #......r..
#.##..###.........
..##..............
#....#............
#.#...##.##..
#.#...##.#
##.#...##.#
##.#...##'####


You could see a quokka, a kobold, a rat (ally target), a friendly quokka
(summoned) and a friendly bat (summoned).

Vanquished Creatures
  A kobold (D:1)
1 creature vanquished.

Vanquished Creatures (collateral kills)
  A giant cockroach (D:1)
1 creature vanquished.

Grand Total: 2 creatures vanquished

Notes
Turn   | Place    | Note
-------+----------+-------------------------------------------
     0 | D:1      | LnG the Kobold Summoner began the quest for the Orb.
     0 | D:1      | Reached XP level 1. HP: 10/10 MP: 3/3
    93 | D:1      | Slain by a kobold

Illustrated notes

Levels and vault maps discovered:
D:1:      dpeg_arrival_tiny_f, layout_basic

Action                   || total
-------------------------++-------
Melee: Unarmed           ||     1
 Cast: Summon Small Mamm ||     3
 Stab: Distracted        ||     1
Dodge: Dodged            ||     5

Table legend: (Time is in decaauts)
 A = Elapsed time spent in this place.
 B = Non-inter-level travel time spent in this place.
 C = Inter-level travel time spent in this place.
 D = Time resting spent in this place.
 E = Time spent auto-exploring this place.
 F = Levels seen in this place.
 G = Mean time per level.
                   A        B        C        D        E       F      G
               +--------+--------+--------+--------+--------+-----+--------+
         Total |     93 |     93 |      0 |      0 |     67 |   1 |   93.0 |
       Dungeon |     93 |     93 |      0 |      0 |     67 |   1 |   93.0 |
               +--------+--------+--------+--------+--------+-----+--------+

Top non-repeatable levels by time:
     D:1: 93 daAuts
